 Dungeon Crawl Stone Soup version 0.28-a0-1412-gf95308ed99 (webtiles) character file.

Game seed: 14570359794072792492

34 HallandMoats the Skirmisher (level 3, -1/31 HPs)
             Began as a Ghoul Fighter on Jan 6, 2022.
             Slain by an adder (2 damage)
             ... on level 1 of the Dungeon.
             The game lasted 00:01:16 (902 turns).

HallandMoats the Skirmisher (Ghoul Fighter)          Turns: 902, Time: 00:01:16

Health: -1/31      AC:  6    Str: 19    XL:     3   Next: 31%
Magic:  2/2        EV:  9    Int:  5    God:
Gold:   35         SH:  4    Dex:  8    Spells: 2/2 levels left

rFire   . . .      SeeInvis .   a - +0 war axe
rCold   + . .      Faith    .   c - +0 buckler
rNeg    + + +      Spirit   .   g - +0 scale mail
rPois   ∞          Reflect  .   (no helmet)
rElec   .          Harm     .   (no cloak)
rCorr   .          Rampage  .   (no gloves)
Will    .....                   (no boots)
Stlth   ..........              (no amulet)
HPRegen 0.00/turn               (no ring)
MPRegen 0.08/turn               (no ring)

@: inhibited regen
A: claws 1, cold resistance 1, negative energy resistance 3, inhibited
regeneration, torment resistance 2
a: no special abilities


You were on level 1 of the Dungeon.
You visited 1 branch of the dungeon, and saw 2 of its levels.

You collected 35 gold pieces.

Inventory:

Hand Weapons
 a - a +0 war axe (weapon)
 b - a +2 hunting sling of flaming
Armour
 c - a +0 buckler (worn)
 g - a +0 scale mail (worn)
Scrolls
 e - a scroll of holy word {unknown}
 f - a scroll of identify {unknown}
 i - a scroll of teleportation {unknown}
 j - a scroll of enchant armour {unknown}
 k - a scroll of amnesia {unknown}
 l - a scroll of immolation {unknown}
Potions
 d - a potion of might
 h - a potion of haste {unknown}


   Skills:
 + Level 3.5 Fighting
 + Level 2.0 Axes
 + Level 2.9 Armour
 + Level 0.9 Dodging
 * Level 3.1 Shields


You had 2 spell levels left.
You didn't know any spells.
Your spell library contained the following spells:

 Spells                   Type           Power      Damage    Failure   Level
 Call Canine Familiar     Summ           0%         N/A       99%         3
 Portal Projectile        Hex/Tloc       0%         N/A       99%         3
 Leda's Liquefaction      Hex/Erth       0%         N/A       100%        4


Dungeon Overview and Level Annotations

Branches:
Dungeon (2/15)

Altars:
Trog

Shops:
D:1 (


Innate Abilities, Weirdness & Mutations

You thrive by killing the living.
You are immune to poison.
You have sharp fingernails.
Your flesh is cold resistant. (rC+)
You are immune to negative energy. (rN+++)
You do not regenerate when monsters are visible.
You are immune to unholy pain and torment.


Message History

You barely miss the adder.
The adder is almost dead.
The adder closely misses you. The adder bites you but does no damage.
There are monsters nearby!
You miss the adder.
The adder is almost dead.
You hit the gnoll. The adder bites you but does no damage.
The gnoll barely misses you. The adder closely misses you.
There are monsters nearby!
You barely miss the adder.
The adder is almost dead.
You hit the gnoll. You barely miss the gnoll. The adder bites you.
The gnoll barely misses you. x2; The adder bites you.
The gnoll hits you with a +0 club!
There are monsters nearby!
You miss the adder.
The adder is almost dead.
You closely miss the gnoll. You barely miss the gnoll.
You block the gnoll's attack. The adder bites you but does no damage.
The gnoll hits you with a +0 club. The gnoll hits you but does no damage.
The gnoll hits you with a +2 flail of holy wrath.
You convulse.
* * * LOW HITPOINT WARNING * * *
The adder misses you.
A kobold comes into view. It is wielding a +0 short sword.
The kobold shouts!
The adder bites you.
* * * LOW HITPOINT WARNING * * *
The adder barely misses you. x2
The adder bites you.
* * * LOW HITPOINT WARNING * * *
There is a stone staircase leading up here.
The adder bites you but does no damage. The adder bites you.
* * * LOW HITPOINT WARNING * * *
You climb upwards.
There is a stone staircase leading down here.
You barely miss the adder.
The adder is almost dead.
The adder bites you.
You die...

#.# #.# #.#### #..
#.# ###.## #.# #..
#.###
#....####.######..
#...#
#.#...............
###.#
#÷#.#####.######..
#.#
#.#.#####.######..
#.#
#.#...............
#.#
#S#######.######..
#.# #@# #.###....)
#.# #.# #.........
#)# #.# #####.####
#.# #.# #.# #
#.###.# #.# #
#...#.# #.# #
###.#.# #.####
#.#.## ######.....
#.†..##
#..........


You could see an adder.

Vanquished Creatures
  A dart slug (D:2)
  An endoplasm (D:2)
  5 hobgoblins
  4 jackals (D:1)
  5 kobolds (D:1)
  A quokka (D:1)
  5 ball pythons
  2 bats
  3 frilled lizards
  2 goblins
  3 rats (D:1)
32 creatures vanquished.

Notes
Turn   | Place    | Note
-------+----------+-------------------------------------------
     0 | D:1      | HallandMoats the Ghoul Fighter began the quest for the Orb.
     0 | D:1      | Reached XP level 1. HP: 19/19 MP: 0/0
   183 | D:1      | Found Zaseimox's Antique Weapon Emporium.
   193 | D:1      | Reached XP level 2. HP: 24/26 MP: 1/1
   495 | D:1      | Found a faded altar of an unknown god.
   571 | D:1      | Reached XP level 3. HP: 31/31 MP: 2/2
   694 | D:2      | Found a bloodstained altar of Trog.
   900 | D:2      | HP: 1/31 [adder (3)]
   902 | D:1      | Slain by an adder

Illustrated notes

Levels and vault maps discovered:
D:1:      ebering_trefoil_3fold, layout_loops_ring, serial_shops, shop,
          hellmonk_ecumenical_altar_leap_of_faith, st_stairs_13
D:2:      layout_rooms, basic_altar

Skill      XL: |  1  2 |
---------------+-------+-----
Shields        | 3 |  3.1
Axes           | 2 |  2.0
Fighting       | |  3.5
Armour         | |  2.9
Dodging        | |  0.9

Action                   || total
-------------------------++-------
Melee: War axe           ||    88
Armor: Scale mail        ||    47
Dodge: Dodged            ||    51
Block: Buckler           ||    22

Table legend: (Time is in decaauts)
 A = Elapsed time spent in this place.
 B = Non-inter-level travel time spent in this place.
 C = Inter-level travel time spent in this place.
 D = Time resting spent in this place.
 E = Time spent auto-exploring this place.
 F = Levels seen in this place.
 G = Mean time per level.
                   A        B        C        D        E       F      G
               +--------+--------+--------+--------+--------+-----+--------+
         Total |    940 |    918 |     22 |      0 |    665 |   2 |  470.0 |
       Dungeon |    940 |    918 |     22 |      0 |    665 |   2 |  470.0 |
               +--------+--------+--------+--------+--------+-----+--------+

Top non-repeatable levels by time:
     D:1: 720 daAuts
     D:2: 219 daAuts
